PCL
LAS VEGAS STARS @ DISTRICT 9 PRAWNS
09/26/2027
 
TOP OF THE 1ST
Las Vegas Stars batting - Pitching for District 9 Prawns : RHP Víctor Ventura
Pitching: RHP Víctor Ventura
Batting: SHB Héctor Barajas 0-0: Ball
1-0: Foul Ball, location: 2F
1-1: Foul Ball, location: 2F
1-2: Ball
2-2: Foul Ball, location: 2F
2-2: Strikes out swinging, 2-3 out at first.
Batting: SHB Sloan James 0-0: Hit by Pitch
Batting: LHB Mike Petersen 0-0: Called Strike
0-1: Ground out 4-3 (Groundball, 34D)
Sloan James to second
Batting: RHB Kyle Bacon 0-0: Ball
1-0: Ball
2-0: Called Strike
2-1: Fly out, F7 (Flyball, 7)
Top of the 1st over - 0 run(s), 0 hit(s), 0 error(s), 1 left on base; Las Vegas 0 - District 9 0
BOTTOM OF THE 1ST
District 9 Prawns batting - Pitching for Las Vegas Stars : RHP Javier Valenzuela
Pitching: RHP Javier Valenzuela
Batting: LHB Donnie Cunningham 0-0: SINGLE (Flyball, 78S)
Batting: RHB José Colón 0-0: Ball
1-0: Called Strike
1-1: Swinging Strike
1-2: Foul Ball, location: 2F
1-2: SINGLE (Groundball, 25) (infield hit)
Donnie Cunningham to second
Batting: LHB Lorenzo Quintanilla 0-0: Called Strike
0-1: Swinging Strike
0-2: Ball
1-2: Ball
2-2: Ball
3-2: Base on Balls
Donnie Cunningham to third
José Colón to second
Batting: RHB Reynold Akker 0-0: Swinging Strike
0-1: Ball
1-1: Called Strike
1-2: Strikes out swinging
Batting: LHB Mike Davis 0-0: Called Strike
0-1: Foul Ball, location: 2F
0-2: Ball
1-2: Ball
2-2: Ball
3-2: Foul Ball, location: 2F
3-2: Fly out, F8 (Flyball, 8LM)
Runner from 3rd tags up, SCORES, no throw
Batting: RHB Felipe Jareño 0-0: Called Strike
0-1: Ball
1-1: Fly out, F5 (Popup, 5L)
Bottom of the 1st over - 1 run(s), 2 hit(s), 0 error(s), 2 left on base; Las Vegas 0 - District 9 1
TOP OF THE 2ND
Las Vegas Stars batting - Pitching for District 9 Prawns : RHP Víctor Ventura
Batting: RHB Brian George 0-0: Ball
1-0: Ball
2-0: Called Strike
2-1: Swinging Strike
2-2: Foul Ball, location: 2F
2-2: Foul Ball, location: 2F
2-2: SINGLE (Line Drive, 56D)
Batting: SHB Júlio Salazar 0-0: Called Strike
0-1: Foul Ball, location: 2F
0-2: 2-RUN HOME RUN (Flyball, 9D), Distance : 385 ft
Batting: RHB José Zúñiga 0-0: Called Strike
0-1: Ball
1-1: Called Strike
1-2: Ball
2-2: Fly out, F2 (Popup, 3S)
Batting: LHB Paco Rivera 0-0: Called Strike
0-1: Ground out 1-3 (Groundball, 13S)
Batting: RHB Ryan McBride 0-0: Ball
1-0: Ball
2-0: Foul Ball, location: 2F
2-1: Ball
3-1: Base on Balls
Batting: SHB Héctor Barajas 0-0: Called Strike
0-1: Ball
1-1: Foul Ball, location: 2F
1-2: Foul Ball, location: 2F
1-2: Strikes out swinging
Top of the 2nd over - 2 run(s), 2 hit(s), 0 error(s), 1 left on base; Las Vegas 2 - District 9 1
BOTTOM OF THE 2ND
District 9 Prawns batting - Pitching for Las Vegas Stars : RHP Javier Valenzuela
Batting: RHB Rafael González 0-0: Ball
1-0: Fly out, F8 (Line Drive, 8LM)
Batting: RHB Boyd Pittman 0-0: Ground out 6-3 (Groundball, 6)
Batting: LHB Culley Vaughan 0-0: Ball
1-0: Foul Ball, location: 2F
1-1: Ground out 4-3 (Groundball, 4S)
Bottom of the 2nd over - 0 run(s), 0 hit(s), 0 error(s), 0 left on base; Las Vegas 2 - District 9 1
TOP OF THE 3RD
Las Vegas Stars batting - Pitching for District 9 Prawns : RHP Víctor Ventura
Batting: SHB Sloan James 0-0: Called Strike
0-1: Foul Ball, location: 2F
0-2: Ball
1-2: Ball
2-2: Strikes out swinging
Batting: LHB Mike Petersen 0-0: Ball
1-0: Ball
2-0: Called Strike
2-1: Ball
3-1: Base on Balls
Batting: RHB Kyle Bacon 0-0: Called Strike
0-1: Called Strike
0-2: Ball
1-2: Foul Ball, location: 2F
1-2: Strikes out looking
Batting: RHB Brian George 0-0: Ball
1-0: Swinging Strike
1-1: Called Strike
1-2: Ball
2-2: Ball
3-2: Base on Balls
Mike Petersen to second
Batting: SHB Júlio Salazar 0-0: Ball
1-0: Foul Ball, location: 2F
1-1: Foul Ball, location: 2F
1-2: Fly out, F7 (Line Drive, 7)
Top of the 3rd over - 0 run(s), 0 hit(s), 0 error(s), 2 left on base; Las Vegas 2 - District 9 1
BOTTOM OF THE 3RD
District 9 Prawns batting - Pitching for Las Vegas Stars : RHP Javier Valenzuela
Batting: LHB Donnie Cunningham 0-0: Ground out 6-3 (Groundball, 6)
Batting: RHB José Colón 0-0: Foul Ball, location: 2F
0-1: Foul Ball, location: 2F
0-2: Hit by Pitch
Batting: LHB Lorenzo Quintanilla 0-0: Ball
1-0: Called Strike
1-1: Foul Ball, location: 2F
1-2: Ball
2-2: SINGLE (Flyball, 8RS)
José Colón to second
Runner from 2nd tries for 3rd, SAFE, throw made to third
Batting: RHB Reynold Akker 0-0: Ball
1-0: Ball
Wild Pitch!
José Colón scores
Lorenzo Quintanilla to second
2-0: Called Strike
2-1: Fly out, F4 (Popup, 34D)
Batting: LHB Mike Davis 0-0: Foul Ball, location: 2F
0-1: Ball
1-1: 2-RUN HOME RUN (Flyball, 9LD), Distance : 363 ft
Batting: RHB Felipe Jareño 0-0: Ball
1-0: Foul Ball, location: 2F
1-1: Ball
2-1: Ball
3-1: Base on Balls
Batting: RHB Rafael González 0-0: Called Strike
0-1: Swinging Strike
0-2: Foul Ball, location: 2F
0-2: Ball
1-2: Foul Ball, location: 2F
1-2: Foul Ball, location: 2F
1-2: Ball
2-2: Foul Ball, location: 2F
2-2: Fly out, F5 (Line Drive, 5)
Bottom of the 3rd over - 3 run(s), 2 hit(s), 0 error(s), 1 left on base; Las Vegas 2 - District 9 4
TOP OF THE 4TH
Las Vegas Stars batting - Pitching for District 9 Prawns : RHP Víctor Ventura
Batting: RHB José Zúñiga 0-0: Foul Ball, location: 2F
0-1: Ball
1-1: SINGLE (Groundball, 56) (infield hit)
Batting: LHB Paco Rivera 0-0: Called Strike
0-1: Ball
1-1: SINGLE (Line Drive, 78S)
José Zúñiga to second
Batting: RHB Ryan McBride 0-0: Ball
1-0: Called Strike
1-1: Swinging Strike
1-2: Ball
2-2: Ball
3-2: Foul Ball, location: 2F
3-2: Strikes out looking
Batting: SHB Héctor Barajas 0-0: Called Strike
0-1: Called Strike
0-2: Ball
1-2: Foul Ball, location: 2F
1-2: Strikes out looking
Pitching: RHP Fernando Mendoza
Batting: SHB Sloan James 0-0: Called Strike
0-1: Ball
1-1: Foul Ball, location: 2F
1-2: Ball
2-2: Ball
3-2: Foul Ball, location: 2F
3-2: Base on Balls
José Zúñiga to third
Paco Rivera to second
Batting: LHB Mike Petersen 0-0: Foul Ball, location: 2F
0-1: Ball
1-1: Ball
2-1: Fielders Choice at 2nd, 4-6 (Groundball, 4)
Top of the 4th over - 0 run(s), 2 hit(s), 0 error(s), 2 left on base; Las Vegas 2 - District 9 4
BOTTOM OF THE 4TH
District 9 Prawns batting - Pitching for Las Vegas Stars : RHP Javier Valenzuela
Batting: RHB Boyd Pittman 0-0: Called Strike
0-1: Foul Ball, location: 2F
0-2: Foul Ball, location: 2F
0-2: Strikes out looking
Batting: LHB Culley Vaughan 0-0: SOLO HOME RUN (Flyball, 89XD), Distance : 424 ft
Batting: LHB Donnie Cunningham 0-0: Swinging Strike
0-1: Called Strike
0-2: Ball
1-2: Ball
2-2: Ball
3-2: Strikes out looking
Batting: RHB José Colón 0-0: Ball
1-0: Called Strike
1-1: Ball
2-1: Ball
3-1: Called Strike
3-2: Foul Ball, location: 2F
3-2: Base on Balls
Pitching: LHP Jeff Catron
Batting: LHB Lorenzo Quintanilla 0-0: Ball
1-0: Called Strike
1-1: Foul Ball, location: 2F
1-2: Foul Ball, location: 2F
1-2: Ball
2-2: Fly out, F7 (Flyball, 7LSF)
Bottom of the 4th over - 1 run(s), 1 hit(s), 0 error(s), 1 left on base; Las Vegas 2 - District 9 5
TOP OF THE 5TH
Las Vegas Stars batting - Pitching for District 9 Prawns : RHP Fernando Mendoza
Batting: RHB Kyle Bacon 0-0: Called Strike
0-1: Ball
1-1: Swinging Strike
1-2: Ball
2-2: Ball
3-2: Base on Balls
Batting: RHB Brian George 0-0: Ball
1-0: Called Strike
1-1: Ball
2-1: Foul Ball, location: 2F
2-2: Strikes out swinging
Batting: SHB Júlio Salazar 0-0: Foul Ball, location: 2F
0-1: Ball
1-1: Ball
2-1: Ball
3-1: Fly out, F8 (Flyball, 89S)
Batting: RHB José Zúñiga 0-0: Foul Ball, location: 2F
0-1: Ball
1-1: Ball
2-1: Foul Ball, location: 2F
2-2: Foul Ball, location: 2F
2-2: Fielders Choice at 2nd, 4-6 (Groundball, 4)
Top of the 5th over - 0 run(s), 0 hit(s), 0 error(s), 0 left on base; Las Vegas 2 - District 9 5
BOTTOM OF THE 5TH
District 9 Prawns batting - Pitching for Las Vegas Stars : LHP Jeff Catron
Batting: RHB Reynold Akker 0-0: Ball
1-0: Ball
2-0: Ball
3-0: Base on Balls
Batting: LHB Mike Davis 0-0: Swinging Strike
0-1: Ball
1-1: Swinging Strike
1-2: Ball
2-2: Ball
3-2: Strikes out swinging
Batting: RHB Felipe Jareño 0-0: Ball
1-0: Ball
2-0: Ball
3-0: Base on Balls
Reynold Akker to second
Batting: RHB Rafael González 0-0: Ball
1-0: Foul Ball, location: 2F
1-1: Foul Ball, location: 2F
1-2: Fly out, F5 (Popup, 5S)
Batting: RHB Boyd Pittman 0-0: Ball
Wild Pitch!
Reynold Akker to third
Felipe Jareño to second
1-0: Called Strike
1-1: Called Strike
1-2: Ground out 6-3 (Groundball, 6S)
Bottom of the 5th over - 0 run(s), 0 hit(s), 0 error(s), 2 left on base; Las Vegas 2 - District 9 5
TOP OF THE 6TH
Las Vegas Stars batting - Pitching for District 9 Prawns : RHP Fernando Mendoza
Batting: LHB Paco Rivera 0-0: SOLO HOME RUN (Flyball, 78D), Distance : 399 ft
Batting: RHB Ryan McBride 0-0: Ball
1-0: Swinging Strike
1-1: Ground out 4-3 (Groundball, 4MS)
Batting: SHB Héctor Barajas 0-0: Ball
1-0: Called Strike
1-1: Ball
2-1: Foul Ball, location: 2F
2-2: Foul Ball, location: 2F
2-2: Strikes out swinging
Batting: SHB Sloan James 0-0: Fly out, F3 (Line Drive, 3)
Top of the 6th over - 1 run(s), 1 hit(s), 0 error(s), 0 left on base; Las Vegas 3 - District 9 5
BOTTOM OF THE 6TH
District 9 Prawns batting - Pitching for Las Vegas Stars : LHP Jeff Catron
Batting: LHB Culley Vaughan 0-0: Ball
1-0: Ball
2-0: Called Strike
2-1: Foul Ball, location: 2F
2-2: Strikes out looking
Batting: LHB Donnie Cunningham 0-0: Ball
1-0: Ground out U3 (Groundball, 34)
Batting: RHB José Colón 0-0: Called Strike
0-1: Ball
1-1: SINGLE (Groundball, 25) (infield hit)
Batting: LHB Lorenzo Quintanilla 0-0: Called Strike
0-1: Swinging Strike
0-2: Ball
1-2: Foul Ball, location: 2F
1-2: Ball
2-2: Ball
3-2: Fly out, F8 (Flyball, 8RM)
Bottom of the 6th over - 0 run(s), 1 hit(s), 0 error(s), 1 left on base; Las Vegas 3 - District 9 5
TOP OF THE 7TH
Las Vegas Stars batting - Pitching for District 9 Prawns : RHP Fernando Mendoza
Batting: LHB Mike Petersen 0-0: Foul Ball, location: 2F
0-1: SOLO HOME RUN (Line Drive, 9D), Distance : 402 ft
Pitching: RHP Clayton Hawkins
Batting: RHB Kyle Bacon 0-0: Fly out, F9 (Flyball, 9S)
Batting: RHB Brian George 0-0: Called Strike
0-1: Called Strike
0-2: Ball
1-2: Fly out, F8 (Flyball, 8RD)
Batting: SHB Júlio Salazar 0-0: Reached on error, E8 (Flyball, 8RD)
Batting: RHB José Zúñiga 0-0: Called Strike
0-1: Called Strike
0-2: Ball
1-2: Ball
2-2: Foul Ball, location: 2F
2-2: Foul Ball, location: 2F
2-2: Strikes out swinging
Top of the 7th over - 1 run(s), 1 hit(s), 1 error(s), 1 left on base; Las Vegas 4 - District 9 5
BOTTOM OF THE 7TH
District 9 Prawns batting - Pitching for Las Vegas Stars : LHP Jeff Catron
Pitching: RHP Terry Adams
Batting: RHB Reynold Akker 0-0: Ball
1-0: Swinging Strike
1-1: Ball
2-1: Ball
3-1: Swinging Strike
3-2: Fly out, F7 (Line Drive, 78S)
Batting: LHB Mike Davis 0-0: Foul Ball, location: 2F
0-1: Ball
1-1: Called Strike
1-2: Strikes out looking
Batting: RHB Felipe Jareño 0-0: Called Strike
0-1: Ball
1-1: Foul Ball, location: 2F
1-2: Ball
2-2: Ball
3-2: Base on Balls
Pinch Hitting: LHB Terry Simpson 0-0: Ball
1-0: Ball
2-0: Ball
3-0: Called Strike
3-1: Foul Ball, location: 2F
3-2: Fly out, F6 (Popup, 6S)
Bottom of the 7th over - 0 run(s), 0 hit(s), 0 error(s), 1 left on base; Las Vegas 4 - District 9 5
TOP OF THE 8TH
Las Vegas Stars batting - Pitching for District 9 Prawns : RHP Clayton Hawkins
Pitching: LHP Ben Johnson
Now at 2B: Phil Jacobs
Now at 3B: Manuel Cardenas
Batting: LHB Paco Rivera 0-0: Foul Ball, location: 2F
0-1: Ball
1-1: Ball
2-1: Foul Ball, location: 2F
2-2: Strikes out swinging
Pitching: RHP Jorge Guillén
Batting: RHB Ryan McBride 0-0: Ball
1-0: Ball
2-0: Called Strike
2-1: Swinging Strike
2-2: Foul Ball, location: 2F
2-2: Ball
3-2: Strikes out swinging
Batting: SHB Héctor Barajas 0-0: Swinging Strike
0-1: Swinging Strike
0-2: Ball
1-2: Strikes out swinging
Top of the 8th over - 0 run(s), 0 hit(s), 0 error(s), 0 left on base; Las Vegas 4 - District 9 5
BOTTOM OF THE 8TH
District 9 Prawns batting - Pitching for Las Vegas Stars : RHP Terry Adams
Batting: RHB Boyd Pittman 0-0: Called Strike
0-1: Foul Ball, location: 2F
0-2: Ball
1-2: Ball
2-2: Ball
3-2: Ground out 4-3 (Groundball, 4)
Pitching: LHP Craig Bowling
Batting: LHB Culley Vaughan 0-0: Ball
1-0: Ball
2-0: Ball
3-0: Base on Balls
Pinch Hitting: RHB Jeff Stevenson 0-0: Foul Ball, location: 2F
0-1: Ball
1-1: Swinging Strike
1-2: Foul Ball, location: 2F
1-2: Foul Ball, location: 2F
1-2: 2-RUN HOME RUN (Flyball, 7D), Distance : 407 ft
Pitching: RHP Mike Drader
Batting: RHB José Colón 0-0: Called Strike
0-1: Ground out 5-3 (Groundball, 56S)
Batting: LHB Lorenzo Quintanilla 0-0: Called Strike
0-1: Called Strike
0-2: Strikes out looking
Bottom of the 8th over - 2 run(s), 1 hit(s), 0 error(s), 0 left on base; Las Vegas 4 - District 9 7
TOP OF THE 9TH
Las Vegas Stars batting - Pitching for District 9 Prawns : RHP Jorge Guillén
Pitching: RHP Mike Stabler
Now in LF: Jeff Stevenson
Batting: SHB Sloan James 0-0: Swinging Strike
0-1: Foul Ball, location: 2F
0-2: Ball
1-2: Ball
2-2: Strikes out looking
Batting: LHB Mike Petersen 0-0: Swinging Strike
0-1: Ground out 3-1 (Groundball, 34)
Batting: RHB Kyle Bacon 0-0: Called Strike
0-1: Ball
1-1: Ball
2-1: Ball
3-1: Swinging Strike
3-2: Foul Ball, location: 2F
3-2: Strikes out looking
Top of the 9th over - 0 run(s), 0 hit(s), 0 error(s), 0 left on base; Las Vegas 4 - District 9 7
Thursday, March 30th, 2017 - OOTP Baseball 17.12 Build 75